General information
- name: BNet
- type: Ladder 1vs1/FFA
- host: Battle.net
- saver: miguelitito
map: TerenasStand
- players: 2
- length: 30:01
- speed: Fast
- version: 1.28 W3XP
- replay type: Public
» download(147 KB)
Players
team 1 (winner)
miguelitito (
purple | 59 APM | 1776 actions | 30:01)
5 Pandaren Brewmaster
3 Breath of Fire
2 Drunken Brawler
» actions
| Assign group hotkey | 11 | |
| Basic commands | 15 | |
| Build / train | 112 | |
| ESC pressed | 1 | |
| Enter build submenu | 55 | |
| Enter hero's abilities submenu | 4 | |
| Give item / drop item | 3 | |
| Right click | 873 | |
| Select / deselect | 466 | |
| Select group hotkey | 83 | |
| Use ability | 153 | |
1776 total
» units
| Peasant | 21 | |
| Mortar Team | 4 | |
| Goblin Shredder | 2 | |
| Flying Machine | 7 | |
34 total
» upgrades
| Masonry | 3 | |
| Lumber Harvesting | 2 | |
| Flare | 1 | |
| Plating | 3 | |
| Flak Cannons | 1 | |
| Gunpowder | 3 | |
| Fragmentation Shards | 1 | |
| Armor | 2 | |
| Flying Machine Bombs | 1 | |
| Barrage | 1 | |
18 total
» buildings
| Altar of Kings | 1 | |
| Farm | 5 | |
| Scout Tower | 65 | |
| Lumber Mill | 2 | |
| Arcane Tower | 9 | |
| Guard Tower | 21 | |
| Arcane Vault | 1 | |
| Keep | 2 | |
| Town Hall | 2 | |
| Blacksmith | 1 | |
| Workshop | 4 | |
| Castle | 1 | |
| Cannon Tower | 5 | |
119 total
» build order
00:07 Altar of Kings
00:13 Farm
00:28 Scout Tower
00:51 Lumber Mill
00:59 Scout Tower
01:07 Arcane Tower
01:19 Farm
01:57 Scout Tower
02:36 Guard Tower
02:39 Arcane Vault
02:54 Scout Tower
02:57 Scout Tower
03:23 Guard Tower
03:27 Farm
03:59 Arcane Tower
04:03 Scout Tower
04:04 Scout Tower
04:05 Scout Tower
04:05 Scout Tower
04:31 Guard Tower
04:33 Guard Tower
04:45 Guard Tower
04:48 Scout Tower
04:49 Scout Tower
05:00 Scout Tower
05:17 Arcane Tower
05:20 Scout Tower
05:38 Arcane Tower
05:46 Keep
05:46 Keep
06:00 Guard Tower
07:53 Town Hall
08:12 Scout Tower
08:15 Scout Tower
08:16 Scout Tower
09:03 Scout Tower
09:04 Scout Tower
09:29 Blacksmith
09:41 Farm
09:44 Farm
09:51 Arcane Tower
10:34 Workshop
10:41 Workshop
10:55 Guard Tower
11:20 Guard Tower
12:27 Castle
12:57 Workshop
13:48 Scout Tower
13:51 Scout Tower
13:52 Scout Tower
13:54 Scout Tower
13:56 Scout Tower
14:00 Scout Tower
14:15 Scout Tower
14:17 Scout Tower
14:17 Scout Tower
14:18 Scout Tower
14:20 Scout Tower
14:21 Scout Tower
14:33 Guard Tower
14:35 Arcane Tower
14:50 Scout Tower
14:51 Scout Tower
14:51 Scout Tower
14:52 Scout Tower
14:53 Scout Tower
14:54 Scout Tower
14:55 Scout Tower
14:57 Scout Tower
15:09 Arcane Tower
15:40 Workshop
15:45 Guard Tower
15:53 Guard Tower
15:53 Guard Tower
16:57 Guard Tower
17:07 Guard Tower
19:31 Scout Tower
19:31 Scout Tower
19:37 Scout Tower
19:42 Town Hall
19:52 Scout Tower
19:53 Scout Tower
19:54 Scout Tower
19:55 Scout Tower
19:56 Scout Tower
19:57 Scout Tower
19:58 Scout Tower
20:00 Scout Tower
20:02 Scout Tower
20:03 Scout Tower
20:05 Scout Tower
20:07 Guard Tower
20:46 Arcane Tower
21:06 Arcane Tower
21:11 Scout Tower
21:11 Scout Tower
21:12 Scout Tower
21:13 Scout Tower
22:07 Cannon Tower
22:12 Guard Tower
22:51 Cannon Tower
22:54 Cannon Tower
23:05 Lumber Mill
23:11 Cannon Tower
23:53 Guard Tower
24:08 Scout Tower
24:11 Scout Tower
24:13 Scout Tower
24:15 Scout Tower
24:17 Scout Tower
25:21 Cannon Tower
25:26 Guard Tower
26:38 Guard Tower
27:07 Guard Tower
27:12 Scout Tower
27:15 Scout Tower
27:16 Scout Tower
28:54 Guard Tower
29:01 Scout Tower
» items
| Staff of Teleportation | 1 | |
| Lesser Clarity Potion | 3 | |
| Scroll of Regeneration | 4 | |
| Potion of Invisibility | 3 | |
| Potion of Lesser Invulnerability | 1 | |
| Potion of Healing | 2 | |
14 total
team 2 (loser)
t_h_c (
orange | 56 APM | 1093 actions | 19:32)
4 Beastmaster
2 Summon Quilbeast
2 Summon Bear
4 Dark Ranger
2 Black Arrow
2 Life Drain
2 Keeper of the Grove
1 Entangling Roots
1 Force of Nature
» actions
| Assign group hotkey | 22 | |
| Build / train | 78 | |
| Enter build submenu | 18 | |
| Enter hero's abilities submenu | 11 | |
| Right click | 456 | |
| Select / deselect | 310 | |
| Select group hotkey | 141 | |
| Use ability | 57 | |
1093 total
» units
| Wisp | 19 | |
| Archer | 13 | |
| Forest Troll Shadow Priest | 1 | |
| Huntress | 1 | |
| Hippogryph | 9 | |
| Glaive Thrower | 1 | |
| Dryad | 1 | |
| Druid of the Claw | 2 | |
| Druid of the Talon | 1 | |
| Chimaera | 2 | |
| Goblin Shredder | 1 | |
51 total
» upgrades
| Hippogryph Taming | 1 | |
| Druid of the Claw Training | 2 | |
3 total
» buildings
| Ancient of War | 1 | |
| Moon Well | 8 | |
| Altar of Elders | 1 | |
| Tree of Ages | 1 | |
| Ancient of Wonders | 1 | |
| Hunter's Hall | 1 | |
| Tree of Life | 1 | |
| Ancient of Wind | 2 | |
| Ancient of Lore | 1 | |
| Tree of Eternity | 1 | |
| Chimaera Roost | 1 | |
19 total
» build order
00:09 Ancient of War
00:19 Moon Well
01:05 Altar of Elders
01:24 Moon Well
03:35 Tree of Ages
03:41 Ancient of Wonders
04:06 Moon Well
04:24 Hunter's Hall
06:43 Tree of Life
07:52 Ancient of Wind
07:54 Ancient of Wind
09:14 Ancient of Lore
10:15 Tree of Eternity
11:55 Moon Well
12:55 Chimaera Roost
14:46 Moon Well
15:48 Moon Well
17:01 Moon Well
18:13 Moon Well
» items
| Scroll of Town Portal | 2 | |
| Scroll of Healing | 2 | |
| Potion of Lesser Invulnerability | 1 | |
| Scroll of Protection | 1 | |
| Dust of Appearance | 1 | |
| Orb of Venom | 1 | |
8 total
Chat log
(00:21 / All) miguelitito: muerdo los elfos y los escupo
(00:45 / All) miguelitito: i bite elfs